[ AOE2 MATCH · #494142896 ]
UnrankedVietnamese vs Goths
Player's team · WIN
Rival team · LOSS
[ REPLAY ANALYSIS · EXTRACTED FROM THE RECORDED GAME ]
Feudal
9:28
Castle
27:13
Imperial
42:04
| APM avg | 45.4 |
| APM peak | 88 |
| eAPM avg | 23.4 |
| Villagers / military | 159 / 104 |
Focus
⚔️ 30.3% · 🌾 69.7%
Fire Lancer ×51 · Archer ×17 · Knight ×11 · Bombard Cannon ×11 · Monk ×6 · Skirmisher ×5
Feudal
12:08
Castle
26:27
Imperial
40:03
| APM avg | 57.5 |
| APM peak | 108 |
| eAPM avg | 28.9 |
| Villagers / military | 108 / 99 |
Focus
⚔️ 23.5% · 🌾 76.5%
Huskarl ×40 · Spearman ×26 · Archer ×18 · Monk ×5 · Militia ×4 · Trebuchet (Packed) ×4
Match map
Initial resources + every placement click. Lines = walls · curves = elevation contours. ◆ gold · ⬟ stone · ● berries · ✦ relic · ◌ wall gap
Your base· ✓ Closed at 27:13 · 59t walls · 1 gate(s)
LuckAss105's base· ✓ Closed at 26:27 · 56t walls · 2 gate(s)
Smoothed initial terrain · ◌ = detected wall gap · hover for details
Inputs per minute
— うーぺー - - LuckAss105
Build order — うーぺー
First 150 of 454 actions detected
| 0:00 | Create | Villager (Male) |
| 0:01 | Create | Villager (Male) |
| 0:01 | Create | Villager (Male) |
| 0:01 | Create | Villager (Male) |
| 0:02 | Build | House |
| 0:04 | Build | House |
| 1:39 | Create | Villager (Male) |
| 1:40 | Create | Villager (Male) |
| 1:48 | Build | Mill |
| 1:57 | Create | Villager (Male) |
| 1:57 | Create | Villager (Male) |
| 2:31 | Create | Villager (Male) |
| 2:33 | Create | Villager (Male) |
| 2:33 | Create | Villager (Male) |
| 3:17 | Create | Villager (Male) |
| 3:17 | Create | Villager (Male) |
| 3:37 | Create | Villager (Male) |
| 4:02 | Create | Villager (Male) |
| 4:03 | Create | Villager (Male) |
| 4:11 | Create | Villager (Male) |
| 4:21 | Build | House |
| 4:29 | Create | Villager (Male) |
| 4:44 | Research | Loom |
| 5:06 | Create | Villager (Male) |
| 5:44 | Build | Lumber Camp |
| 5:50 | Create | Villager (Male) |
| 6:33 | Create | Villager (Male) |
| 7:18 | Research | Feudal Age |
| 7:18 | Research | Feudal Age |
| 7:24 | Build | Mining Camp |
| 8:28 | Build | Barracks |
| 8:37 | Create | Villager (Male) |
| 9:00 | Build | House |
| 9:27 | Create | Villager (Male) |
| 9:28 | Age | Feudal Age |
| 9:32 | Research | Double-Bit Axe |
| 9:32 | Research | Double-Bit Axe |
| 9:47 | Build | Archery Range |
| 9:53 | Create | Villager (Male) |
| 10:00 | Create | Spearman |
| 10:05 | Create | Villager (Male) |
| 10:05 | Create | Villager (Male) |
| 10:17 | Build | House |
| 10:17 | Build | House |
| 10:21 | Create | Villager (Male) |
| 10:28 | Create | Archer |
| 10:29 | Create | Archer |
| 10:41 | Build | Mill |
| 10:48 | Create | Archer |
| 10:52 | Create | Villager (Male) |
| 10:55 | Build | House |
| 11:05 | Create | Archer |
| 11:27 | Build | Farm |
| 11:29 | Build | Farm |
| 12:00 | Create | Archer |
| 12:09 | Create | Villager (Male) |
| 12:09 | Create | Villager (Male) |
| 12:15 | Build | Mining Camp |
| 12:28 | Build | House |
| 12:29 | Build | Palisade Wall |
| 12:32 | Create | Villager (Male) |
| 13:13 | Create | Archer |
| 13:14 | Create | Villager (Male) |
| 13:35 | Create | Villager (Male) |
| 13:56 | Create | Archer |
| 14:02 | Create | Villager (Male) |
| 14:10 | Create | Villager (Male) |
| 14:19 | Create | Archer |
| 14:21 | Create | Villager (Male) |
| 14:53 | Create | Villager (Male) |
| 14:56 | Build | Blacksmith |
| 15:22 | Build | Watch Tower |
| 15:25 | Create | Villager (Male) |
| 15:33 | Build | House |
| 15:34 | Build | House |
| 15:41 | Research | Fletching |
| 15:42 | Research | Fletching |
| 15:43 | Create | Villager (Male) |
| 15:49 | Create | Archer |
| 15:53 | Build | Palisade Wall |
| 15:56 | Build | Palisade Wall |
| 15:57 | Build | Palisade Gate |
| 15:58 | Build | Palisade Wall |
| 16:05 | Build | Palisade Wall |
| 16:06 | Build | Palisade Wall |
| 16:07 | Build | Palisade Wall |
| 16:08 | Build | Palisade Wall |
| 16:19 | Build | Palisade Wall |
| 16:23 | Build | Palisade Wall |
| 16:24 | Build | Palisade Wall |
| 16:40 | Build | Watch Tower |
| 16:42 | Build | Palisade Wall |
| 16:42 | Build | Palisade Wall |
| 16:43 | Build | Palisade Wall |
| 16:44 | Build | Palisade Wall |
| 16:52 | Research | Wheelbarrow |
| 16:54 | Create | Villager (Male) |
| 16:54 | Create | Villager (Male) |
| 16:56 | Build | Farm |
| 17:02 | Build | Palisade Wall |
| 17:24 | Create | Archer |
| 17:24 | Create | Archer |
| 17:27 | Build | Farm |
| 17:53 | Build | Lumber Camp |
| 18:22 | Build | Farm |
| 18:26 | Create | Archer |
| 18:34 | Build | Lumber Camp |
| 18:54 | Create | Villager (Male) |
| 19:00 | Create | Archer |
| 19:05 | Build | Farm |
| 19:06 | Create | Villager (Male) |
| 19:22 | Create | Villager (Male) |
| 19:29 | Build | Farm |
| 19:49 | Research | Padded Archer Armor |
| 19:50 | Research | Padded Archer Armor |
| 19:51 | Create | Villager (Male) |
| 19:51 | Create | Villager (Male) |
| 19:54 | Create | Archer |
| 19:57 | Build | Farm |
| 19:58 | Create | Villager (Male) |
| 20:07 | Build | Watch Tower |
| 20:12 | Create | Villager (Male) |
| 20:25 | Create | Archer |
| 20:31 | Build | Farm |
| 20:31 | Build | Farm |
| 20:33 | Research | Horse Collar |
| 20:36 | Build | Farm |
| 20:37 | Create | Archer |
| 20:40 | Build | House |
| 20:54 | Create | Villager (Male) |
| 20:57 | Build | Farm |
| 21:14 | Build | Palisade Wall |
| 21:16 | Build | Palisade Wall |
| 21:17 | Build | Palisade Wall |
| 21:38 | Build | Farm |
| 21:41 | Build | Farm |
| 21:50 | Build | Watch Tower |
| 22:03 | Build | Watch Tower |
| 22:14 | Create | Villager (Male) |
| 22:16 | Build | Farm |
| 22:18 | Build | Farm |
| 23:06 | Create | Villager (Male) |
| 23:11 | Build | Farm |
| 23:12 | Build | Farm |
| 23:15 | Research | Wheelbarrow |
| 23:18 | Build | Market |
| 23:23 | Create | Archer |
| 23:48 | Create | Villager (Male) |
| 24:07 | Research | Castle Age |
| 24:07 | Research | Castle Age |
Build order — LuckAss105
First 150 of 355 actions detected
| 0:01 | Create | Villager (Male) |
| 0:02 | Build | House |
| 0:04 | Build | House |
| 0:12 | Create | Villager (Male) |
| 0:12 | Create | Villager (Male) |
| 0:21 | Research | Loom |
| 0:23 | Create | Villager (Male) |
| 0:24 | Create | Villager (Male) |
| 0:24 | Create | Villager (Male) |
| 1:28 | Create | Villager (Male) |
| 1:28 | Create | Villager (Male) |
| 1:50 | Build | Lumber Camp |
| 1:57 | Create | Villager (Male) |
| 1:57 | Create | Villager (Male) |
| 2:19 | Create | Villager (Male) |
| 2:20 | Create | Villager (Male) |
| 2:42 | Create | Villager (Male) |
| 2:42 | Create | Villager (Male) |
| 3:18 | Create | Villager (Male) |
| 3:19 | Create | Villager (Male) |
| 3:42 | Create | Villager (Male) |
| 3:43 | Create | Villager (Male) |
| 3:55 | Build | House |
| 4:01 | Create | Villager (Male) |
| 4:30 | Create | Villager (Male) |
| 4:31 | Create | Villager (Male) |
| 4:42 | Build | Barracks |
| 5:13 | Create | Villager (Male) |
| 5:13 | Create | Villager (Male) |
| 5:32 | Create | Militia |
| 5:52 | Create | Villager (Male) |
| 6:00 | Build | House |
| 6:05 | Build | Mill |
| 6:28 | Create | Villager (Male) |
| 6:29 | Create | Villager (Male) |
| 7:03 | Create | Villager (Male) |
| 7:03 | Create | Villager (Male) |
| 7:20 | Build | Mill |
| 7:24 | Create | Villager (Male) |
| 7:39 | Create | Villager (Male) |
| 8:18 | Create | Villager (Male) |
| 8:23 | Build | House |
| 8:37 | Create | Villager (Male) |
| 8:58 | Create | Villager (Male) |
| 9:23 | Build | Farm |
| 9:27 | Create | Villager (Male) |
| 9:51 | Research | Feudal Age |
| 9:51 | Research | Feudal Age |
| 10:28 | Build | House |
| 10:33 | Build | Palisade Wall |
| 10:35 | Build | Palisade Wall |
| 10:42 | Build | Palisade Wall |
| 10:51 | Build | Palisade Wall |
| 11:03 | Create | Villager (Male) |
| 11:16 | Build | Palisade Wall |
| 11:21 | Build | Farm |
| 11:22 | Build | Farm |
| 11:35 | Build | Palisade Wall |
| 11:37 | Build | Palisade Wall |
| 11:40 | Build | Palisade Wall |
| 11:43 | Build | Palisade Wall |
| 11:55 | Create | Villager (Male) |
| 11:58 | Build | Mining Camp |
| 12:08 | Age | Feudal Age |
| 12:17 | Build | Palisade Wall |
| 12:30 | Build | Palisade Wall |
| 12:39 | Build | Palisade Gate |
| 12:41 | Build | Archery Range |
| 12:58 | Create | Villager (Male) |
| 13:10 | Build | Lumber Camp |
| 13:11 | Create | Villager (Male) |
| 13:35 | Create | Villager (Male) |
| 13:41 | Create | Archer |
| 13:41 | Create | Archer |
| 13:52 | Create | Villager (Male) |
| 14:18 | Create | Villager (Male) |
| 14:23 | Build | Watch Tower |
| 14:46 | Build | Watch Tower |
| 14:49 | Create | Villager (Male) |
| 14:50 | Create | Archer |
| 14:55 | Build | House |
| 15:09 | Build | House |
| 15:26 | Research | Double-Bit Axe |
| 15:26 | Research | Double-Bit Axe |
| 15:27 | Create | Villager (Male) |
| 15:31 | Build | Farm |
| 15:32 | Build | Farm |
| 15:39 | Create | Archer |
| 15:54 | Build | Blacksmith |
| 15:57 | Build | Farm |
| 16:07 | Research | Horse Collar |
| 16:07 | Research | Horse Collar |
| 16:10 | Create | Archer |
| 16:19 | Build | House |
| 16:25 | Research | Fletching |
| 16:30 | Build | House |
| 16:32 | Build | Palisade Wall |
| 16:34 | Create | Archer |
| 16:37 | Create | Villager (Male) |
| 16:40 | Build | Farm |
| 17:04 | Create | Archer |
| 17:11 | Build | Palisade Gate |
| 17:13 | Build | Palisade Wall |
| 17:18 | Create | Villager (Male) |
| 17:18 | Create | Villager (Male) |
| 17:19 | Build | Farm |
| 17:24 | Build | Mining Camp |
| 17:32 | Build | Farm |
| 17:37 | Create | Archer |
| 17:56 | Create | Villager (Male) |
| 18:00 | Create | Archer |
| 18:03 | Build | Archery Range |
| 18:10 | Create | Villager (Male) |
| 18:29 | Create | Villager (Male) |
| 18:35 | Build | Market |
| 18:42 | Create | Villager (Male) |
| 18:45 | Create | Archer |
| 18:45 | Create | Archer |
| 18:58 | Create | Archer |
| 19:19 | Build | Watch Tower |
| 19:34 | Build | House |
| 19:35 | Build | House |
| 19:36 | Create | Archer |
| 19:57 | Create | Villager (Male) |
| 20:06 | Build | Mill |
| 20:06 | Build | Farm |
| 20:08 | Build | Farm |
| 20:09 | Build | Farm |
| 20:24 | Create | Villager (Male) |
| 20:26 | Build | Farm |
| 20:30 | Build | Mill |
| 20:34 | Create | Archer |
| 20:34 | Create | Archer |
| 20:40 | Create | Archer |
| 20:48 | Create | Villager (Male) |
| 20:53 | Create | Archer |
| 20:56 | Create | Villager (Male) |
| 21:14 | Create | Archer |
| 21:25 | Build | Farm |
| 21:26 | Build | Farm |
| 21:28 | Create | Villager (Male) |
| 21:41 | Build | Watch Tower |
| 21:47 | Create | Villager (Male) |
| 22:06 | Build | Farm |
| 22:21 | Build | Watch Tower |
| 22:59 | Build | House |
| 23:47 | Research | Castle Age |
| 23:47 | Research | Castle Age |
| 23:47 | Research | Castle Age |
| 24:22 | Build | Lumber Camp |
Match timeline
| 4:42 | LuckAss105 · first_building Barracks |
| 8:28 | うーぺー · first_building Barracks |
| 9:28 | うーぺー · age_up feudal |
| 9:47 | うーぺー · first_building Archery Range |
| 10:33 | LuckAss105 · wall_segment Palisade Wall x1 |
| 10:35 | LuckAss105 · wall_segment Palisade Wall x2 |
| 10:42 | LuckAss105 · wall_segment Palisade Wall x7 |
| 10:51 | LuckAss105 · wall_segment Palisade Wall x8 |
| 11:16 | LuckAss105 · wall_segment Palisade Wall x6 |
| 11:35 | LuckAss105 · wall_segment Palisade Wall x6 |
| 11:37 | LuckAss105 · wall_segment Palisade Wall x1 |
| 11:40 | LuckAss105 · wall_segment Palisade Wall x4 |
| 11:43 | LuckAss105 · wall_segment Palisade Wall x2 |
| 12:08 | LuckAss105 · age_up feudal |
| 12:17 | LuckAss105 · wall_segment Palisade Wall x5 |
| 12:29 | うーぺー · wall_segment Palisade Wall x2 |
| 12:30 | LuckAss105 · wall_segment Palisade Wall x9 |
| 12:41 | LuckAss105 · first_building Archery Range |
| 15:53 | うーぺー · wall_segment Palisade Wall x4 |
| 15:56 | うーぺー · wall_segment Palisade Wall x7 |
| 15:58 | うーぺー · wall_segment Palisade Wall x1 |
| 16:05 | うーぺー · wall_segment Palisade Wall x3 |
| 16:06 | うーぺー · wall_segment Palisade Wall x3 |
| 16:07 | うーぺー · wall_segment Palisade Wall x3 |
| 16:08 | うーぺー · wall_segment Palisade Wall x3 |
| 16:19 | うーぺー · wall_segment Palisade Wall x9 |
| 16:23 | うーぺー · wall_segment Palisade Wall x4 |
| 16:24 | うーぺー · wall_segment Palisade Wall x3 |
| 16:32 | LuckAss105 · wall_segment Palisade Wall x5 |
| 16:42 | うーぺー · wall_segment Palisade Wall x3 |
| 16:42 | うーぺー · wall_segment Palisade Wall x3 |
| 16:43 | うーぺー · wall_segment Palisade Wall x3 |
| 16:44 | うーぺー · wall_segment Palisade Wall x2 |
| 17:02 | うーぺー · wall_segment Palisade Wall x8 |
| 17:13 | LuckAss105 · wall_segment Palisade Wall x1 |
| 21:14 | うーぺー · wall_segment Palisade Wall x1 |
| 21:16 | うーぺー · wall_segment Palisade Wall x3 |
| 21:17 | うーぺー · wall_segment Palisade Wall x3 |
| 21:46 | LuckAss105 · first_market_buy 100 food |
| 22:14 | LuckAss105 · first_market_sell 100 food |
| 24:00 | うーぺー · first_market_buy 100 food |
| 24:01 | うーぺー · first_market_sell 100 wood |
| 26:06 | うーぺー · first_building Stable |
| 26:27 | LuckAss105 · age_up castle |
| 27:02 | LuckAss105 · first_building Castle |
| 27:13 | うーぺー · age_up castle |
| 30:47 | うーぺー · first_building Monastery |
| 30:49 | LuckAss105 · first_building Monastery |
| 31:47 | うーぺー · wall_segment Palisade Wall x1 |
| 31:51 | うーぺー · wall_segment Palisade Wall x1 |
| 34:45 | うーぺー · first_building Castle |
| 37:11 | LuckAss105 · first_building Siege Workshop |
| 37:56 | LuckAss105 · wall_segment Palisade Wall x1 |
| 38:01 | LuckAss105 · wall_segment Palisade Wall x5 |
| 40:03 | LuckAss105 · age_up imperial |
| 41:57 | うーぺー · first_building Siege Workshop |
| 42:04 | うーぺー · age_up imperial |
| 47:00 | LuckAss105 · resign |
[ AI ANALYSIS · 1 CREDIT ]
What really happened in this match?
Wolo.gg analyzes every decision: build order, eco, micro, common mistakes by bracket. Personalized analysis on WhatsApp or Discord in 30 seconds.
Civ guide
Vietnamese
Perfil
うーぺー